 Dungeon Crawl Stone Soup version 0.29-a0-113-g078de9bc30 (webtiles) character file.

Game seed: 18112942893035180082

49 jlumianski the Firebug (level 3, -3/20 HPs)
             Began as a Gargoyle Fire Elementalist on Feb 19, 2022.
             Slain by Sigmund (4 damage)
             ... on level 2 of the Dungeon.
             The game lasted 00:07:02 (1582 turns).

jlumianski the Firebug (Gargoyle Fire Elementalist) Turns: 1582, Time: 00:07:03

Health: -3/20      AC:  7    Str: 13    XL:     3   Next: 77%
Magic:  7/7        EV: 12    Int: 15    God:
Gold:   70         SH:  0    Dex: 10    Spells: 4/7 levels left

rFire   . . .      SeeInvis .   b - +0 short sword
rCold   . . .      Faith    .   (no shield)
rNeg    + . .      Spirit   .   a - +0 robe
rPois   ∞          Reflect  .   (no helmet)
rElec   +          Harm     .   (no cloak)
rCorr   .          Rampage  .   h - +1 pair of gloves
Will    .....                   (no boots)
Stlth   ++........              (no amulet)
HPRegen 0.06/turn               (no ring)
MPRegen 0.10/turn               (no ring)

@: no status effects
A: sickness immunity, AC +3, negative energy resistance 1, electricity
resistance, torment resistance 1, petrification resistance
a: no special abilities


You were on level 2 of the Dungeon.
You visited 1 branch of the dungeon, and saw 2 of its levels.

You collected 70 gold pieces.

Inventory:

Hand Weapons
 b - a +0 short sword (weapon)
 c - a +0 spear
Missiles
 e - 4 poisoned darts (quivered)
 f - 34 stones
Armour
 a - a +0 robe (worn)
 h - a +1 pair of gloves (worn)


   Skills:
 + Level 0.5 Fighting
 + Level 0.2 Short Blades
 + Level 0.1 Throwing
 + Level 1.7 Dodging
 + Level 2.2 Stealth
 + Level 0.1 Unarmed Combat
 + Level 2.7 Spellcasting
 + Level 1.1 Conjurations
 + Level 3.6 Fire Magic


You had 4 spell levels left.
You knew the following spells:

 Your Spells              Type           Power      Damage    Failure   Level
a - Foxfire               Conj/Fire      36%        2x1d5     8%          1
b - Scorch                Fire           24%        2d6       7%          2

Your spell library contained the following spells:

 Spells                   Type           Power      Damage    Failure   Level
 Conjure Flame            Conj/Fire      9%         6-21      22%         3
 Inner Flame              Hex/Fire       7%         N/A       28%         3
 Flame Wave               Conj/Fire      9%         2d5       58%         4


Dungeon Overview and Level Annotations

Branches:
Dungeon (2/15)

Altars:

Annotations:
D:2 Sigmund


Innate Abilities, Weirdness & Mutations

You are immune to sickness and miasma.
Your stone body is resilient. (AC +3)
You are immune to poison.
You resist negative energy. (rN+)
You are resistant to electric shocks. (rElec)
You are resistant to unholy torment.
You are immune to petrification.


Message History

You now have 70 gold pieces (gained 1).
Done exploring.
There is a stone staircase leading down here.
You climb downwards.
Found a viscous grey potion.
There is a stone staircase leading up here.
i - a viscous grey potion
There is a stone staircase leading up here.
You climb upwards.
There is a stone staircase leading down here.
As you read the scroll labelled XIF QISATT, it crumbles to dust.
The scroll dissolves into smoke.
It was a scroll of fog.
As you read the scroll labelled XUUHOCECWI, it crumbles to dust.
It is a scroll of enchant armour.
Your +0 pair of gloves glows green for a moment.
You start putting on your armour.
You continue putting on your +1 pair of gloves. x4
You finish putting on your +1 pair of gloves.
Done exploring.
Okay, then.
You climb downwards.
There is a stone staircase leading up here.
Sigmund the Dreaded comes into view.
He is wielding a +3 scythe of holy wrath.
Sigmund shouts!
Sigmund points at you and mumbles some strange words.
You are confused.
It was a potion of magic.
Magic courses through your body.
Sigmund casts a spell.
Sigmund flickers and vanishes!
Deactivating autopickup; reactivate with Ctrl-A.
You feel less confused.
You are confused.
You're too confused to move!
Something hits you!
Ouch! That really hurt!
You bump into the rock wall.
Something hits you!
* * * LOW HITPOINT WARNING * * *
You bump into the rock wall.
You feel less confused. Something hits you.
You die...

#.....# .# #.#
.. #.# .. #.#
#. #.# #. #.#
#. #.#
######.#####.#
.........@..<#
####.#########


There were no monsters in sight!

Vanquished Creatures
  2 dart slugs (D:1)
  2 bats (D:1)
  2 endoplasms
  A giant cockroach (D:1)
  10 goblins (D:1)
  4 hobgoblins
  4 jackals (D:1)
  3 kobolds (D:1)
  9 ball pythons
  A rat (D:1)
38 creatures vanquished.

Vanquished Creatures (others)
  19 foxfires
19 creatures vanquished.

Grand Total: 57 creatures vanquished

Notes
Turn   | Place    | Note
-------+----------+-------------------------------------------
     0 | D:1      | jlumianski the Gargoyle Fire Elementalist began the quest
                  | for the Orb.
     0 | D:1      | Reached XP level 1. HP: 10/10 MP: 3/3
   177 | D:1      | Reached XP level 2. HP: 15/15 MP: 3/5
   180 | D:1      | Learned a level 2 spell: Scorch
   450 | D:1      | Reached XP level 3. HP: 20/20 MP: 4/6
  1188 | D:1      | Found a faded altar of an unknown god.
  1568 | D:2      | Noticed Sigmund
  1579 | D:2      | HP: 1/20 [something (9)]
  1582 | D:2      | Slain by Sigmund

Illustrated notes

Levels and vault maps discovered:
D:1:      shiori_arrival_elements, layout_basic,
          chequers_ecumenical_altar_twisty, minmay_misc_feat_secret_circle,
          minivault_24, minmay_tetromino_s2
D:2:      layout_loops_cross, basic_altar, uniq_robin, uniq_sigmund

Action                   || total
-------------------------++-------
Melee: Unarmed           ||     3
       Short sword       ||    61
Throw: Dart              ||     2
 Cast: Foxfire           ||    11
       Scorch            ||    14
  Use: Scroll            ||     2
       Potion            ||     1
 Stab: Sleeping          ||     1
Armor: Robe              ||    24
Dodge: Dodged            ||    49

Table legend: (Time is in decaauts)
 A = Elapsed time spent in this place.
 B = Non-inter-level travel time spent in this place.
 C = Inter-level travel time spent in this place.
 D = Time resting spent in this place.
 E = Time spent auto-exploring this place.
 F = Levels seen in this place.
 G = Mean time per level.
                   A        B        C        D        E       F      G
               +--------+--------+--------+--------+--------+-----+--------+
         Total |   1591 |   1591 |      0 |      0 |   1104 |   2 |  795.5 |
       Dungeon |   1591 |   1591 |      0 |      0 |   1104 |   2 |  795.5 |
               +--------+--------+--------+--------+--------+-----+--------+

Top non-repeatable levels by time:
     D:1: 1361 daAuts
     D:2: 229 daAuts
